TOP OF THE 1ST |
West Virginia Power batting - Pitching for Salem Silver Souls : LHP Francisco Nieto
|
Pitching: LHP Francisco Nieto
|
|
Batting: RHB Tony Parker
|
0-0: Foul Ball, location: 2F 0-1: Ball 1-1: Ball 2-1: Called Strike 2-2: Strikes out swinging
|
Batting: RHB Dave McGrath
|
0-0: Ball 1-0: Called Strike 1-1: Ball 2-1: Foul Ball, location: 2F 2-2: Ball 3-2: Ground out 4-3 (Groundball, 4MS)
|
Batting: RHB Roberto Tobías
|
0-0: Foul Ball, location: 2F 0-1: Ball 1-1: Foul Ball, location: 2F 1-2: Ball 2-2: SINGLE (Line Drive, 56)
|
Batting: RHB Ben Dougherty
|
0-0: Ground out 4-3 (Groundball, 4S)
|
Top of the 1st over - 0 run(s), 1 hit(s), 0 error(s), 1 left on base; West Virginia 0 - Salem 0 |
BOTTOM OF THE 1ST |
Salem Silver Souls batting - Pitching for West Virginia Power : LHP Ricardo Guichardo
|
Pitching: LHP Ricardo Guichardo
|
|
Batting: LHB Nick Scott
|
0-0: Foul Ball, location: 2F 0-1: Fly out, F3 (Popup, 3SF)
|
Batting: RHB Gabriel Miranda
|
0-0: Ball 1-0: DOUBLE (Groundball, 5L)
|
Batting: LHB Ezechiele Bruno
|
0-0: Fly out, F9 (Flyball, 89D) Runner from 2nd tags up, SAFE at 3rd, no throw
|
Batting: RHB Mario Méndez
|
0-0: Foul Ball, location: 2F 0-1: Swinging Strike 0-2: Ball 1-2: Strikes out swinging
|
Bottom of the 1st over - 0 run(s), 1 hit(s), 0 error(s), 1 left on base; West Virginia 0 - Salem 0 |
TOP OF THE 2ND |
West Virginia Power batting - Pitching for Salem Silver Souls : LHP Francisco Nieto
|
Batting: RHB Will Lott
|
0-0: Ball 1-0: Ground out 6-3 (Groundball, 6)
|
Batting: LHB Héctor Soto
|
0-0: Ball 1-0: Ball 2-0: Ball 3-0: Called Strike 3-1: Base on Balls
|
Batting: RHB Brett Bell
|
0-0: Ball 1-0: Fly out, F2 (Popup, 2RF)
|
Batting: LHB Lúcio Anaya
|
0-0: Called Strike 0-1: Foul Ball, location: 2F 0-2: Strikes out swinging
|
Top of the 2nd over - 0 run(s), 0 hit(s), 0 error(s), 1 left on base; West Virginia 0 - Salem 0 |
BOTTOM OF THE 2ND |
Salem Silver Souls batting - Pitching for West Virginia Power : LHP Ricardo Guichardo
|
Batting: LHB Raúl Cordero
|
0-0: Ball 1-0: Swinging Strike 1-1: Swinging Strike 1-2: Strikes out looking
|
Batting: LHB Millard Dye
|
0-0: Called Strike 0-1: Swinging Strike 0-2: Foul Ball, location: 2F 0-2: Ball 1-2: Ball 2-2: Strikes out swinging
|
Batting: LHB Jermaine Carter
|
0-0: Ball 1-0: Swinging Strike 1-1: Foul Ball, location: 2F 1-2: Foul Ball, location: 2F 1-2: Strikes out swinging
|
Bottom of the 2nd over - 0 run(s), 0 hit(s), 0 error(s), 0 left on base; West Virginia 0 - Salem 0 |
TOP OF THE 3RD |
West Virginia Power batting - Pitching for Salem Silver Souls : LHP Francisco Nieto
|
Batting: RHB Jesse Moore
|
0-0: Called Strike 0-1: Foul Ball, location: 2F 0-2: Foul Ball, location: 2F 0-2: Ball 1-2: Ball 2-2: Foul Ball, location: 2F 2-2: Foul Ball, location: 2F 2-2: Foul Ball, location: 2F 2-2: Ball 3-2: Strikes out swinging passed ball, reaches first!
|
Batting: RHB Tony Parker
|
0-0: Called Strike 0-1: Ball 1-1: Ball 2-1: SINGLE (Line Drive, 89S) Jesse Moore to second
|
Batting: RHB Dave McGrath
|
0-0: Ball 1-0: SINGLE (Groundball, 6MD) Jesse Moore to third Tony Parker to second Runner from 3rd tries for Home, SAFE, no throw or cutoff
|
Batting: RHB Roberto Tobías
|
0-0: Foul Ball, location: 2F 0-1: Swinging Strike 0-2: Fly out, F9 (Flyball, 9D) Runner from 2nd tags up, SAFE at 3rd, no throw
|
Batting: RHB Ben Dougherty
|
0-0: Ball 1-0: Fly out, F9 (Flyball, 9LDF) Runner from 3rd tags up, SCORES, no throw
|
Batting: RHB Will Lott
|
0-0: Ball 1-0: Called Strike 1-1: Called Strike 1-2: Ball 2-2: Foul Ball, location: 2F 2-2: Ball 3-2: Strikes out looking
|
Top of the 3rd over - 2 run(s), 2 hit(s), 0 error(s), 1 left on base; West Virginia 2 - Salem 0 |
BOTTOM OF THE 3RD |
Salem Silver Souls batting - Pitching for West Virginia Power : LHP Ricardo Guichardo
|
Batting: RHB Augusto Baiano
|
0-0: Foul Ball, location: 2F 0-1: Ball 1-1: Called Strike 1-2: Ball 2-2: Ball 3-2: Strikes out swinging
|
Batting: RHB Willie Houk
|
0-0: Ball 1-0: Ball 2-0: Called Strike 2-1: Ball 3-1: Foul Ball, location: 2F 3-2: Foul Ball, location: 2F 3-2: Strikes out swinging
|
Batting: LHB Nick Scott
|
0-0: Called Strike 0-1: Ball 1-1: Foul Ball, location: 2F 1-2: Ball 2-2: Foul Ball, location: 2F 2-2: Strikes out swinging
|
Bottom of the 3rd over - 0 run(s), 0 hit(s), 0 error(s), 0 left on base; West Virginia 2 - Salem 0 |
TOP OF THE 4TH |
West Virginia Power batting - Pitching for Salem Silver Souls : LHP Francisco Nieto
|
Batting: LHB Héctor Soto
|
0-0: Ball 1-0: Ball 2-0: Foul Ball, location: 2F 2-1: Called Strike 2-2: Ball 3-2: Strikes out swinging
|
Batting: RHB Brett Bell
|
0-0: Called Strike 0-1: Swinging Strike 0-2: Ball 1-2: Foul Ball, location: 2F 1-2: Ball 2-2: Strikes out swinging
|
Batting: LHB Lúcio Anaya
|
0-0: Called Strike 0-1: Ball 1-1: Called Strike 1-2: Foul Ball, location: 2F 1-2: Ball 2-2: Foul Ball, location: 2F 2-2: SINGLE (Groundball, 6MD)
|
Batting: RHB Jesse Moore
|
0-0: Ball 1-0: Ball 2-0: Ball 3-0: Called Strike 3-1: Foul Ball, location: 2F 3-2: SINGLE (Groundball, 34) Lúcio Anaya to second Lúcio Anaya to third
|
Batting: RHB Tony Parker
|
0-0: Ball 1-0: DOUBLE (Groundball, 3L) Lúcio Anaya scores Jesse Moore to third Runner from 3rd tries for Home, throw and OUT!
|
Top of the 4th over - 1 run(s), 3 hit(s), 0 error(s), 1 left on base; West Virginia 3 - Salem 0 |
BOTTOM OF THE 4TH |
Salem Silver Souls batting - Pitching for West Virginia Power : LHP Ricardo Guichardo
|
Batting: RHB Gabriel Miranda
|
0-0: Ball 1-0: Swinging Strike 1-1: Ball 2-1: Called Strike 2-2: Ball 3-2: Base on Balls
|
Batting: LHB Ezechiele Bruno
|
0-0: Called Strike 0-1: Ball 1-1: Foul Ball, location: 2F 1-2: Fly out, F6 (Popup, 6MS)
|
Batting: RHB Mario Méndez
|
0-0: Called Strike 0-1: Ball 1-1: Ball 2-1: Called Strike 2-2: Ball 3-2: Fly out, F5 (Popup, 25)
|
Batting: LHB Raúl Cordero
|
0-0: Ball 1-0: Foul Ball, location: 2F 1-1: Ball 2-1: Ball 3-1: Foul Ball, location: 2F 3-2: Strikes out looking
|
Bottom of the 4th over - 0 run(s), 0 hit(s), 0 error(s), 1 left on base; West Virginia 3 - Salem 0 |
TOP OF THE 5TH |
West Virginia Power batting - Pitching for Salem Silver Souls : LHP Francisco Nieto
|
Batting: RHB Dave McGrath
|
0-0: Foul Ball, location: 2F 0-1: Ball 1-1: Ball 2-1: Swinging Strike 2-2: Strikes out looking
|
Batting: RHB Roberto Tobías
|
0-0: Called Strike 0-1: Called Strike 0-2: Ball 1-2: Hit by Pitch
|
Batting: RHB Ben Dougherty
|
0-0: Ball 1-0: Ball 2-0: Ground out 4-3 (Groundball, 4M) Roberto Tobías to second
|
Pitching: RHP Pat Wyatt
|
|
Batting: RHB Will Lott
|
0-0: Called Strike 0-1: Ball 1-1: Ball 2-1: Ball 3-1: Ground out 4-3 (Groundball, 4M)
|
Top of the 5th over - 0 run(s), 0 hit(s), 0 error(s), 1 left on base; West Virginia 3 - Salem 0 |
BOTTOM OF THE 5TH |
Salem Silver Souls batting - Pitching for West Virginia Power : LHP Ricardo Guichardo
|
Batting: LHB Millard Dye
|
0-0: Ball 1-0: Ground out U3 (Groundball, 3)
|
Batting: LHB Jermaine Carter
|
0-0: Ball 1-0: Ball 2-0: Swinging Strike 2-1: SINGLE (Line Drive, 6M)
|
Batting: RHB Augusto Baiano
|
0-0: Ball 1-0: SINGLE (Line Drive, 78S) Jermaine Carter to second
|
Batting: RHB Willie Houk
|
0-0: Ball 1-0: Called Strike 1-1: Ball 2-1: DOUBLE (Flyball, 9LM) Jermaine Carter scores Augusto Baiano to third Runner from 3rd tries for Home, SAFE, no throw or cutoff
|
Batting: LHB Nick Scott
|
0-0: Ball 1-0: Called Strike 1-1: Ball 2-1: Fly out, F8 (Flyball, 78D)
|
Batting: RHB Gabriel Miranda
|
0-0: SINGLE (Groundball, 56) Willie Houk to third Runner from 3rd tries for Home, SAFE, no throw or cutoff
|
Batting: LHB Ezechiele Bruno
|
0-0: Foul Ball, location: 2F 0-1: Ball 1-1: SINGLE (Line Drive, 4MD) Gabriel Miranda to second
|
Batting: RHB Mario Méndez
|
0-0: Ball 1-0: SINGLE (Groundball, 6D) Gabriel Miranda to third Ezechiele Bruno to second Runner from 3rd tries for Home, SAFE, throw made at trailing runner, SAFE at third!
|
Batting: LHB Raúl Cordero
|
0-0: Fly out, F9 (Flyball, 89D)
|
Bottom of the 5th over - 4 run(s), 6 hit(s), 0 error(s), 2 left on base; West Virginia 3 - Salem 4 |
TOP OF THE 6TH |
West Virginia Power batting - Pitching for Salem Silver Souls : RHP Pat Wyatt
|
Batting: LHB Héctor Soto
|
0-0: Ball 1-0: SOLO HOME RUN (Flyball, 7LD), Distance : 342 ft
|
Batting: RHB Brett Bell
|
0-0: Ball 1-0: Swinging Strike 1-1: Swinging Strike 1-2: SINGLE (Groundball, 6MD) (infield hit)
|
Batting: LHB Lúcio Anaya
|
0-0: Called Strike 0-1: Called Strike 0-2: Strikes out swinging
|
Batting: RHB Jesse Moore
|
0-0: Swinging Strike 0-1: Swinging Strike 0-2: Strikes out looking
|
Batting: RHB Tony Parker
|
0-0: Ball 1-0: Ball 2-0: Ball 3-0: Called Strike 3-1: Base on Balls Brett Bell to second
|
Batting: RHB Dave McGrath
|
0-0: Ball 1-0: Called Strike 1-1: Swinging Strike 1-2: Strikes out swinging
|
Top of the 6th over - 1 run(s), 2 hit(s), 0 error(s), 2 left on base; West Virginia 4 - Salem 4 |
BOTTOM OF THE 6TH |
Salem Silver Souls batting - Pitching for West Virginia Power : LHP Ricardo Guichardo
|
Batting: LHB Millard Dye
|
0-0: Ground out U3 (Groundball, 3)
|
Batting: LHB Jermaine Carter
|
0-0: Ball 1-0: SINGLE (Flyball, 8LS)
|
Batting: RHB Augusto Baiano
|
0-0: Ball 1-0: Fly out, F7 (Flyball, 7LMF)
|
Batting: RHB Willie Houk
|
0-0: Ball 1-0: Called Strike 1-1: Foul Ball, location: 2F 1-2: Strikes out swinging
|
Bottom of the 6th over - 0 run(s), 1 hit(s), 0 error(s), 1 left on base; West Virginia 4 - Salem 4 |
TOP OF THE 7TH |
West Virginia Power batting - Pitching for Salem Silver Souls : RHP Pat Wyatt
|
Batting: RHB Roberto Tobías
|
0-0: Ground out U3 (Groundball, 3S)
|
Batting: RHB Ben Dougherty
|
0-0: Ball 1-0: Foul Ball, location: 2F 1-1: Ball 2-1: Ball 3-1: Base on Balls
|
Batting: RHB Will Lott
|
0-0: Called Strike Ben Dougherty steals 2nd base 0-1: Swinging Strike 0-2: Ball 1-2: Strikes out swinging
|
Batting: LHB Héctor Soto
|
0-0: Ball 1-0: Ball 2-0: Called Strike 2-1: Ball 3-1: Called Strike 3-2: Foul Ball, location: 2F 3-2: Base on Balls
|
Batting: RHB Brett Bell
|
0-0: Called Strike 0-1: Ball 1-1: Foul Ball, location: 2F 1-2: Strikes out looking
|
Top of the 7th over - 0 run(s), 0 hit(s), 0 error(s), 2 left on base; West Virginia 4 - Salem 4 |
BOTTOM OF THE 7TH |
Salem Silver Souls batting - Pitching for West Virginia Power : LHP Ricardo Guichardo
|
Pitching: LHP Roberto Aguilar
|
|
Pinch Hitting: RHB Gustavo Pagán
|
0-0: SINGLE (Groundball, 6MD)
|
Batting: RHB Gabriel Miranda
|
0-0: Called Strike 0-1: Called Strike 0-2: Grounds into double play, 4-6-3 (Groundball, 4)
|
Pinch Hitting: SHB Francis Shaffer
|
0-0: Ball 1-0: Called Strike 1-1: Ball 2-1: Swinging Strike 2-2: Ball 3-2: Base on Balls
|
Batting: RHB Mario Méndez
|
0-0: Ball 1-0: Swinging Strike 1-1: Ball 2-1: Ball 3-1: Called Strike 3-2: SINGLE (Line Drive, 78M) Francis Shaffer to second Francis Shaffer to third
|
Pinch Hitting: RHB Jack Snyder
|
0-0: Foul Ball, location: 2F 0-1: Fly out, F7 (Flyball, 7M)
|
Bottom of the 7th over - 0 run(s), 2 hit(s), 0 error(s), 2 left on base; West Virginia 4 - Salem 4 |
TOP OF THE 8TH |
West Virginia Power batting - Pitching for Salem Silver Souls : RHP Pat Wyatt
|
Pitching: RHP Jeff Hansen
|
|
Now at 3B: Francis Shaffer
|
|
Now in CF: Gustavo Pagán
|
|
Now in RF: Ron Edwards
|
|
Pinch Hitting: SHB Waylon Adams
|
0-0: Ball 1-0: Called Strike 1-1: Swinging Strike 1-2: Ball 2-2: Foul Ball, location: 2F 2-2: Ball 3-2: SOLO HOME RUN (Flyball, 9D), Distance : 399 ft
|
Batting: RHB Jesse Moore
|
0-0: Ball 1-0: Foul Ball, location: 2F 1-1: Ball 2-1: Foul Ball, location: 2F 2-2: Ground out 3-1 (Groundball, 34S)
|
Batting: RHB Tony Parker
|
0-0: Ball 1-0: Ball 2-0: Ground out 4-3 (Groundball, 4M)
|
Batting: RHB Dave McGrath
|
0-0: Ball 1-0: Ball 2-0: Called Strike 2-1: Foul Ball, location: 2F 2-2: Ground out 3-1 (Groundball, 34S)
|
Top of the 8th over - 1 run(s), 1 hit(s), 0 error(s), 0 left on base; West Virginia 5 - Salem 4 |
BOTTOM OF THE 8TH |
Salem Silver Souls batting - Pitching for West Virginia Power : LHP Roberto Aguilar
|
Pitching: LHP Rick Wilson
|
|
Now at 2B: Aaron Murray
|
|
Now at 3B: Ron Guillén
|
|
Now in CF: Júlio Martínez
|
|
Batting: LHB Millard Dye
|
0-0: Ball 1-0: Ball 2-0: Called Strike 2-1: Called Strike 2-2: Ball 3-2: Strikes out looking
|
Batting: LHB Jermaine Carter
|
0-0: Ball 1-0: Ground out 3-1 (Groundball, 34)
|
Pitching: RHP Germán Hernández
|
|
Batting: RHB Augusto Baiano
|
0-0: Swinging Strike 0-1: Foul Ball, location: 2F 0-2: Ball 1-2: Strikes out looking
|
Bottom of the 8th over - 0 run(s), 0 hit(s), 0 error(s), 0 left on base; West Virginia 5 - Salem 4 |
TOP OF THE 9TH |
West Virginia Power batting - Pitching for Salem Silver Souls : RHP Jeff Hansen
|
Pitching: RHP Andy Hickey
|
|
Batting: RHB Roberto Tobías
|
0-0: Ball 1-0: Foul Ball, location: 2F 1-1: Fly out, F8 (Flyball, 8LM)
|
Batting: RHB Ben Dougherty
|
0-0: Called Strike 0-1: Ball 1-1: Foul Ball, location: 2F 1-2: Ball 2-2: Ball 3-2: Strikes out looking
|
Batting: RHB Will Lott
|
0-0: Called Strike 0-1: Ball 1-1: Foul Ball, location: 2F 1-2: Strikes out swinging
|
Top of the 9th over - 0 run(s), 0 hit(s), 0 error(s), 0 left on base; West Virginia 5 - Salem 4 |
BOTTOM OF THE 9TH |
Salem Silver Souls batting - Pitching for West Virginia Power : RHP Germán Hernández
|
Pitching: RHP Mike Frank
|
|
Pinch Hitting: LHB Lyle Wilson
|
0-0: Ball 1-0: Ground out 4-3 (Groundball, 4)
|
Batting: RHB Gustavo Pagán
|
0-0: Ball 1-0: Ball 2-0: Foul Ball, location: 2F 2-1: DOUBLE (Line Drive, 8LS)
|
Batting: RHB Gabriel Miranda
|
0-0: Foul Ball, location: 2F 0-1: SINGLE (Flyball, 6MD) Gustavo Pagán to third Runner from 3rd tries for Home, SAFE, throw made home Gabriel Miranda to second
|
Batting: SHB Francis Shaffer
|
0-0: Called Strike 0-1: Ball 1-1: Ball 2-1: Ball Balk! Gabriel Miranda to third 3-1: Intentional Walk
|
Batting: RHB Mario Méndez
|
0-0: Fielders Choice attempt at home, Runner SAFE. 6-2 (Groundball, 6)
|
Monday, December 5th, 2016 - OOTP Baseball 17.12 Build 75
|
|